 Dungeon Crawl Stone Soup version 0.31-a0-765-g67fe2935dc (webtiles) character file.

Game seed: 1368380456260587279

60 Shayle the Changeling (level 4, 0/45 HPs)
             Began as an Ogre Shapeshifter on Sept 16, 2023.
             Slain by Sigmund
             ... wielding a +2 scythe of protection
              (8 damage)
             ... on level 2 of the Dungeon.
             The game lasted 00:03:30 (806 turns).

Shayle the Changeling (Ogre Shapeshifter)            Turns: 806, Time: 00:03:31

Health: 0/45       AC:  3    Str: 18    XL:     4   Next: 6%
Magic:  4/4        EV:  9    Int: 13    God:
Gold:   25         SH:  0    Dex:  8    Spells: 3/3 levels left

rFire   . . .        j - +2 dagger (vamp)
rCold   . . .        (no shield)
rNeg    . . .        a - +0 animal skin
rPois   .            (helmet currently unavailable)
rElec   .            (cloak currently unavailable)
rCorr   .            (gloves unavailable)
SInv    .            (boots unavailable)
Will    .....        (no amulet)
Stlth   +            (no ring)
HPRegen 0.27/turn    (no ring)
MPRegen 0.09/turn

%: no passive effects
@: beast-form, attractive
A: beast (slay +2), large, unfitting armour, tough skin 1
a: Begin Untransformation


You were on level 2 of the Dungeon.
You were a hulking beast.
You visited 1 branch of the dungeon, and saw 2 of its levels.

You collected 25 gold pieces.

Inventory:

Hand Weapons
 j - a +2 vampiric dagger (weapon)
Armour
 a - a +0 animal skin (worn)
Jewellery
 h - a ring of ice
 k - a ring of ice
Talismans
 c - a beast talisman (active)
 d - a flux talisman
Scrolls
 f - 2 scrolls of identify {unknown}
 l - a scroll of torment {unknown}
Potions
 e - a potion of haste {unknown}


   Skills:
 + Level 3.1 Fighting
 - Level 1.7 Dodging
 + Level 3.3 Unarmed Combat
 + Level 3.5 Shapeshifting


You had 3 spell levels left.
You didn't know any spells.
Your spell library was empty.

Dungeon Overview and Level Annotations

Branches:
Dungeon (2/15)

Altars:

Annotations:
D:2 Sigmund


Innate Abilities, Weirdness & Mutations

You are a hulking beast.
Your limbs bulge with bestial killing power. (Slay +2)
You are too large for most types of armour.
You have tough skin. (AC +1)


Message History

Your transformation is almost over.
You feel less confused. Something hits you!
You miss something. You closely miss something. Something hits you.
You hit something but do no damage. Something hits you but does no damage.
You miss something. You hit something but do no damage. Something hits you.
You hit something but do no damage.
You hear some strange, mumbled words.
A magic dart appears from out of thin air!
The magic dart hits you but does no damage.
You barely miss something. Something completely misses you.
You hit something.
You feel better.
You hit something but do no damage. Something hits you but does no damage.
You miss something. Your punch misses something.
You feel less wooden.
Your +0 animal skin unmelds from your body.
You turn into a hulking beast.
Something hits you.
You closely miss something.
A kobold comes into view. It is wielding a +0 club.
The kobold shouts!
You hit something. Something hits you!
You closely miss something.
The kobold throws a stone.
The stone closely misses you.
You hear some strange, mumbled words.
Something tries to affect you, but you resist.
You hit something but do no damage.
The kobold throws a stone.
The stone hits you. Something hits you!
* * * LOW HITPOINT WARNING * * *
You barely miss something. You barely miss something. Something hits you.
* * * LOW HITPOINT WARNING * * *
It was a potion of attraction.
You feel attractive to monsters. The kobold closely misses you.
Something hits you.
* * * LOW HITPOINT WARNING * * *
It was a potion of curing.
You feel better. The kobold hits you but does no damage.
You barely miss something. Something hits you!
You die...

##### ..... ###
.# .. .# ... .#
#.# .# #.# .#
#.########### .#
#.##Kh{S.....
.########
#.#.#.#.#####
........#
#..###..#
#######.# #.##
#...
#######.#####.##
.###
...............#
#
#######.........#
###########


You could see a ball python and a kobold.

Vanquished Creatures
  3 adders
  2 dart slugs (D:1)
  2 ball pythons
  An endoplasm (D:1)
  2 giant cockroaches (D:1)
  5 goblins (D:1)
  2 hobgoblins (D:1)
  5 kobolds
  A bat (D:1)
  3 frilled lizards (D:1)
  6 rats (D:1)
32 creatures vanquished.

Notes
Turn   | Place    | Note
-------+----------+-------------------------------------------
     0 | D:1      | Shayle the Ogre Shapeshifter began the quest for the Orb.
     0 | D:1      | Reached XP level 1. HP: 19/19 MP: 1/1
    87 | D:1      | Reached XP level 2. HP: 18/28 MP: 2/2
   447 | D:1      | Reached XP level 3. HP: 36/36 MP: 3/3
   723 | D:2      | Reached XP level 4. HP: 44/45 MP: 4/4
   770 | D:2      | Noticed Sigmund
   804 | D:2      | HP: 2/45 [something (2)]
   806 | D:2      | Slain by Sigmund

Illustrated notes

Levels and vault maps discovered:
D:1:      roderic_crop_circles_arrival_small, layout_rooms
D:2:      layout_loops_ring, ebering_ecumenical_altar_abandoned, serial_shops,
          shop, uniq_sigmund

Skill      XL: |  1  2  3 |
---------------+----------+-----
Fighting       | 2 3 |  3.1
Unarmed Combat | 3 |  3.3
Dodging        | |  1.7
Shapeshifting  | |  3.5

Action                     |  1- 3 |  4- 6 || total
---------------------------+-------+-------++-------
  Melee: Unarmed           |    78 |       ||    78
         Dagger            |     7 |    31 ||    38
         Punch             |       |     1 ||     1
    Use: Potion            |       |     3 ||     3
 Armour: Animal skin       |    70 |    10 ||    80
         Skin              |       |    13 ||    13
  Dodge: Dodged            |    41 |     8 ||    49

Table legend: (Time is in decaauts)
 A = Elapsed time spent in this place.
 B = Non-inter-level travel time spent in this place.
 C = Inter-level travel time spent in this place.
 D = Time resting spent in this place.
 E = Time spent auto-exploring this place.
 F = Levels seen in this place.
 G = Mean time per level.
                   A        B        C        D        E       F      G
               +--------+--------+--------+--------+--------+-----+--------+
         Total |    801 |    790 |     11 |     34 |    376 |   2 |  400.5 |
       Dungeon |    801 |    790 |     11 |     34 |    376 |   2 |  400.5 |
               +--------+--------+--------+--------+--------+-----+--------+

Top non-repeatable levels by time:
     D:1: 673 daAuts
     D:2: 127 daAuts
